Map: [ESL] Goldenaura

Players

HeroMarine - Winner!

  • Race: Terran Terran
  • Spawn Location: 12:00

Elazer

  • Race: Zerg Zerg
  • Spawn Location: 5:00

Event: ESL SC2 Masters 2023 Winter (Regional)

VOD

Have the link to the VOD?

Description

Time

  • Played on: Nov. 16, 2023, 12:10 p.m.
  • Length: 18:39

All games in this series

Show
View Real Time Build Order
Export as new Build Order

HeroMarine Terran - Winner!

Build Orders: Reaper Expand 

Get SALT Encoding   

  12  0:00  SCV  
  13  0:12  SCV  
  14  0:17  Supply Depot  
  14  0:24  SCV  
  15  0:38  SCV  
  15  0:40  Barracks  
  16  0:43  Refinery  
  16  0:50  SCV  
  17  1:03  SCV  
  18  1:15  SCV  
  19  1:26  Reaper  
  19  1:27  Orbital Command  
  20  1:39  Command Center  
  20  1:46  Supply Depot  
  20  1:52  SCV  
  21  1:58  Marine  
  22  2:04  SCV  
  23  2:10  Factory  
  23  2:16  SCV  
  23  2:20  Barracks Reactor  
  24  2:28  SCV  
  25  2:35  Command Center  
  25  2:40  SCV  
  26  2:51  Orbital Command  
  26  2:53  SCV  
  27  3:00  Cyclone  
  27  3:01  Cyclone  
  27  3:03  Marine  
  32  3:06  SCV  
  33  3:17  SCV  
  33  3:18  SCV  
  35  3:22  Barracks Tech Lab, Refinery  
  35  3:29  SCV  
  35  3:30  SCV  
  35  3:32  Hellion  
  35  3:33  Hellion  
  41  3:42  Marine, SCV  
  41  3:43  SCV  
  41  3:44  Stimpack  
  41  3:47  Orbital Command  
  44  3:53  Hellion  
  44  3:54  Hellion, SCV  
  44  3:55  SCV  
  50  4:01  Supply Depot  
  50  4:06  SCV  
  50  4:07  SCV  
  50  4:15  SCV  
  54  4:18  SCV  
  54  4:19  SCV  
  56  4:27  SCV  
  56  4:30  SCV  
  55  4:31  Barracks, SCV, Engineering Bay  
  55  4:32  Engineering Bay  
  55  4:33  Barracks, Factory Reactor  
  55  4:39  SCV  
  55  4:42  SCV  
  55  4:43  SCV  
  58  4:46  Marine  
  58  4:51  SCV  
  54  4:54  SCV  
  54  4:57  SCV  
  54  4:59  Terran Infantry Armor Level 1  
  50  5:00  Barracks, Terran Infantry Weapons Level 1  
  50  5:02  Refinery  
  50  5:03  Barracks, SCV, Refinery  
  50  5:05  Supply Depot  
  50  5:06  SCV  
  52  5:07  Marine  
  52  5:13  Starport  
  52  5:14  SCV  
  54  5:17  Factory Reactor  
  54  5:19  Supply Depot x2  
  54  5:20  SCV  
  56  5:25  Combat Shield  
  56  5:26  SCV  
  56  5:27  Orbital Command, Marine x3  
  59  5:32  Marine x2, SCV  
  62  5:38  SCV  
  62  5:41  Supply Depot  
  63  5:44  SCV  
  63  5:45  Marine x3  
  67  5:50  Barracks Reactor x2, SCV  
  67  5:53  SCV  
  67  5:56  SCV  
  70  5:59  Supply Depot  
  70  6:00  Medivac x2  
  70  6:02  SCV  
  75  6:04  Supply Depot  
  75  6:05  Factory Tech Lab, Marine x3, SCV  
  75  6:06  Marine x2  
  75  6:08  SCV  
  82  6:14  SCV  
  82  6:17  SCV  
  82  6:18  Refinery  
  84  6:19  Refinery  
  84  6:20  SCV, Supply Depot  
  84  6:22  Supply Depot  
  84  6:23  Marine x4  
  84  6:24  Marine  
  90  6:26  SCV  
  90  6:27  Siege Tank  
  94  6:33  SCV x2  
  94  6:37  Marine x2  
  101  6:40  Medivac x2  
  101  6:41  Marine x3  
  101  6:43  Supply Depot  
  101  6:46  Armory  
  107  6:50  Command Center  
  107  6:51  Marine  
  107  6:53  SCV x2  
  108  6:54  Factory  
  108  6:55  SCV  
  108  7:00  Siege Tank  
  108  7:01  Marine x3  
  114  7:02  Marine x2  
  114  7:05  SCV x2  
  114  7:06  Marine  
  114  7:07  Marine x2  
  120  7:09  Marine  
  120  7:13  SCV  
  121  7:17  SCV  
  121  7:18  Marine, SCV  
  121  7:19  Marine x3  
  121  7:20  Marine  
  128  7:24  Marine  
  128  7:25  Marine x2  
  128  7:27  Marine  
  127  7:32  Medivac x2  
  127  7:36  Marine x3  
  134  7:37  Marine  
  134  7:38  Terran Infantry Armor Level 2, Marine  
  134  7:39  Supply Depot  
  134  7:40  Terran Infantry Weapons Level 2  
  134  7:42  Marine  
  134  7:43  Marine x2  
  139  7:44  Terran Vehicle Weapons Level 1  
  139  7:45  Marine  
  139  7:47  Factory Tech Lab  
  139  7:48  Supply Depot  
  139  7:51  Siege Tank  
  143  7:54  Sensor Tower, Marine  
  144  8:02  SCV x3  
  145  8:11  Marine  
  141  8:14  Siege Tank, Marine, Medivac x2  
  141  8:15  Marine x7  
  141  8:18  SCV x2  
  158  8:20  SCV  
  158  8:23  Siege Tank  
  160  8:29  Marine  
  160  8:32  Marine x2  
  160  8:33  Marine  
  167  8:39  Barracks x2  
  164  8:41  Barracks  
  164  8:46  Siege Tank  
  167  8:53  Marine, Medivac x2  
  167  8:55  Siege Tank, Supply Depot x2  
  175  9:02  Marine x2  
  175  9:12  Planetary Fortress, SCV, Marauder  
  175  9:15  Command Center  
  163  9:18  Siege Tank, Marine  
  163  9:19  Marine  
  163  9:20  Marine x2  
  163  9:21  Marine x2  
  163  9:23  Marine  
  163  9:24  Marine  
  172  9:33  Marine  
  172  9:34  Barracks Tech Lab x3  
  172  9:35  Ghost Academy  
  172  9:36  Marine  
  172  9:38  Marine x2  
  170  9:43  Siege Tank  
  173  9:46  Refinery x2  
  173  9:47  SCV x2  
  173  9:49  Sensor Tower, Marine x3  
  173  9:50  Siege Tank  
  181  9:54  Marine x2  
  181  9:55  Marine  
  184  10:01  Terran Infantry Weapons Level 3  
  184  10:05  Marine x2  
  184  10:06  Marine x2  
  185  10:13  Marine x2  
  180  10:15  Siege Tank  
  180  10:20  Marine x3  
  169  10:22  Siege Tank  
  169  10:23  Terran Infantry Armor Level 3  
  169  10:25  Marine x2  
  163  10:31  Marine  
  163  10:32  Command Center  
  163  10:34  Marine  
  163  10:36  Command Center  
  163  10:40  SCV x2  
  163  10:42  Marine x2  
  163  10:48  Siege Tank, Marine x2  
  168  10:54  Siege Tank  
  171  11:03  Marine x2  
  170  11:04  Marine x2  
  170  11:05  Marine x6  
  175  11:13  Marine x2, Concussive Shells  
  175  11:17  Planetary Fortress  
  177  11:19  SCV x3  
  177  11:20  Siege Tank, SCV  
  177  11:23  Marauder x2  
  177  11:24  Marauder  
  190  11:26  Siege Tank  
  190  11:31  SCV x2  
  197  11:35  Terran Vehicle Weapons Level 2  
  180  11:44  Ghost x3  
  180  11:45  Marine x2  
  180  11:46  Ghost  
  164  11:48  Liberator  
  164  11:51  Orbital Command x2  
  164  11:52  Siege Tank, Command Center  
  164  11:53  Refinery x2  
  170  11:58  Siege Tank  
  173  12:07  Medivac  
  175  12:12  Ghost, Marine x2  
  175  12:13  Ghost x2  
  183  12:19  Marine x3  
  186  12:26  Ghost  
  187  12:30  Widow Mine  
  187  12:31  Medivac  
  186  12:41  Ghost x3  
  186  12:42  Marine x3  
  195  12:47  Command Center, Marine  
  196  12:52  Command Center  
  196  12:55  Marauder  
  198  13:01  Marine x2  
  200  13:10  Marauder x2  
  186  13:13  Marauder  
  186  13:16  Marauder  
  183  13:25  Marine x6  
  183  13:26  Siege Tank x2  
  190  13:28  Liberator x2  
  190  13:32  Fusion Core, Marauder x2  
  190  13:33  Hi-Sec Auto Tracking, Neosteel Armor  
  198  13:52  Missile Turret  
  198  13:53  Marauder, Terran Vehicle Weapons Level 3  
  200  13:57  Sensor Tower, Factory  
  200  14:01  Personal Cloaking  
  189  14:11  Marauder x2  
  189  14:16  Liberator x2  
  171  14:19  Marauder x2  
  171  14:23  Marine x2  
  176  14:31  Marine x3  
  170  14:33  Marine, Marauder x2  
  170  14:34  Marine x2  
  157  14:40  Marine  
  157  14:41  Advanced Ballistics, Marine, Marauder  
  157  14:42  Planetary Fortress  
  157  14:44  SCV x2  
  160  14:46  Starport  
  160  14:48  Orbital Command  
  160  14:51  Siege Tank x2, Marine x2  
  160  14:52  Factory Tech Lab  
  168  14:53  Ghost  
  168  14:54  Ghost  
  168  14:56  Planetary Fortress, Marine x2  
  168  14:57  Marine  
  168  14:58  Marauder, Marine x3  
  180  15:02  Marauder  
  182  15:07  Sensor Tower  
  182  15:08  Liberator  
  182  15:09  Liberator, Marine  
  189  15:19  Marine x2  
  189  15:20  Marauder  
  193  15:23  Siege Tank, Marauder x2  
  193  15:25  Starport Reactor  
  193  15:26  Refinery x2  
  200  15:34  Missile Turret x2  
  200  15:36  Missile Turret  
  200  15:37  Command Center  
  193  15:50  Missile Turret  
  193  15:54  Marauder  
  193  15:55  Marine x3  
  189  15:57  Marine  
  189  15:58  Marine  
  189  16:02  Liberator x3  
  199  16:11  Command Center  
  199  16:29  Missile Turret  
  199  16:30  Terran Vehicle And Ship Armor Level 1  
  199  16:33  Marine  
  176  16:41  Marine  
  176  16:42  Siege Tank x2, Liberator, Marauder x2, Marine x2  
  176  16:43  Siege Tank  
  176  16:45  Liberator, Marine x2  
  176  16:46  Marine  
  199  16:47  Marine  
  199  16:48  Marine x2  
  199  16:51  Marine  
  196  16:58  Liberator  
  196  17:01  Marine x3  
  198  17:03  Marauder  
  198  17:06  Marauder, Marine  
  198  17:08  Marine  
  194  17:12  Marine  
  191  17:16  Liberator  
  191  17:25  Liberator  
  191  17:27  Marauder x2, Marine x3  
  191  17:28  Marine x2  
  200  17:44  Marauder, Marine x2  
  199  17:47  Marine x2  
  199  17:48  Liberator  
  199  18:18  Marine x2  
Show
View Real Time Build Order
Export as new Build Order

Elazer Zerg 

Build Orders: Hatch First 

Get SALT Encoding   

  12  0:00  Drone  
  13  0:08  Drone  
  13  0:14  Extractor  
  13  0:15  Drone  
  15  0:36  Hatchery  
  15  0:41  Extractor  
  15  0:42  Drone  
  14  0:48  Overlord  
  15  1:03  Spawning Pool  
  14  1:07  Drone  
  14  1:10  Drone  
  16  1:14  Drone  
  17  1:18  Drone  
  18  1:29  Drone  
  19  1:39  Drone  
  20  1:49  Queen x2  
  20  1:50  Drone  
  20  1:51  Drone  
  26  1:59  Drone  
  26  2:01  Drone  
  28  2:11  Hatchery  
  27  2:15  Overlord  
  27  2:19  Drone  
  28  2:28  Spore Crawler  
  27  2:34  Queen x2  
  32  2:40  Overlord  
  32  2:41  Drone  
  32  2:43  Drone  
  34  2:45  Drone  
  34  2:47  Drone  
  39  2:58  Drone x3  
  39  3:00  Drone x3  
  42  3:06  Overlord  
  42  3:13  Queen  
  44  3:23  Queen x2  
  44  3:24  Drone x2  
  44  3:25  Drone  
  51  3:31  Drone x3  
  54  3:35  Overlord  
  54  3:37  Drone  
  54  3:38  Drone  
  56  3:45  Drone x2  
  56  3:48  Overlord  
  58  3:53  Queen  
  58  3:54  Drone x4  
  64  3:57  Extractor x2  
  64  3:59  Drone x2  
  64  4:05  Queen x2  
  68  4:10  Drone x4  
  72  4:18  Overlord  
  72  4:19  Drone x2  
  74  4:24  Overlord  
  74  4:29  Overlord  
  74  4:34  Drone x2  
  72  4:38  Extractor  
  72  4:41  Drone x10  
  69  4:48  Drone x3  
  70  4:56  Lair  
  70  4:57  Roach Warren  
  70  4:58  Drone x2  
  67  5:06  Drone x4  
  71  5:16  Drone x3  
  71  5:18  Extractor  
  73  5:23  Hatchery  
  73  5:24  Drone x3  
  73  5:25  Drone x2  
  73  5:27  Drone x3  
  80  5:30  Overlord  
  80  5:33  Extractor, Evolution Chamber  
  80  5:34  Evolution Chamber  
  80  5:35  Extractor  
  76  5:38  Drone x6  
  82  5:49  Overlord  
  82  5:53  Roach  
  82  5:54  Glial Reconstitution, Roach x4  
  92  5:57  Spore Crawler  
  92  5:58  Drone, Spore Crawler  
  92  5:59  Spore Crawler  
  92  6:01  Zerg Melee Weapons Level 1, Zerg Ground Armor Level 1  
  92  6:03  Overseer  
  90  6:05  Roach x2  
  90  6:09  Roach x2  
  98  6:14  Roach x3  
  104  6:21  Roach x4  
  112  6:26  Overlord  
  112  6:30  Drone x2  
  114  6:36  Drone x6  
  120  6:42  Overlord  
  120  6:43  Infestation Pit  
  120  6:44  Baneling Nest  
  120  6:45  Drone x4  
  122  6:50  Overseer  
  122  6:52  Drone x3  
  125  7:02  Metabolic Boost  
  125  7:03  Zergling x18  
  132  7:09  Spore Crawler  
  132  7:11  Ravager  
  132  7:13  Overlord  
  132  7:14  Zergling x6  
  130  7:26  Overlord  
  126  7:33  Spore Crawler, Roach x3  
  126  7:34  Zergling x10  
  126  7:35  Overlord  
  126  7:36  Hive, Overlord x2  
  136  7:38  Centrifugal Hooks  
  136  7:45  Zergling x8  
  136  7:46  Ravager x3  
  136  7:50  Extractor  
  142  7:51  Roach  
  144  8:01  Ravager  
  142  8:07  Queen  
  142  8:09  Zerg Melee Weapons Level 2, Zerg Ground Armor Level 2  
  142  8:11  Overlord  
  139  8:14  Drone x3, Extractor  
  139  8:15  Drone x3  
  139  8:18  Queen  
  146  8:21  Roach x11  
  167  8:28  Burrow  
  167  8:29  Zergling x2  
  167  8:30  Overlord  
  167  8:31  Overlord x2  
  168  8:44  Zergling x16  
  175  8:50  Zergling x8  
  175  8:52  Adrenal Glands, Viper x2  
  175  8:53  Viper  
  187  8:57  Baneling  
  187  8:58  Baneling x8  
  184  9:04  Zergling x14  
  184  9:07  Zergling x4  
  183  9:20  Zergling x12, Hatchery  
  185  9:27  Zergling x2  
  185  9:28  Zergling x8  
  184  9:32  Ultralisk Cavern  
  184  9:33  Zergling x2  
  184  9:34  Zergling x2  
  181  9:41  Zergling x6  
  179  9:48  Queen  
  179  9:52  Zergling x8  
  179  9:55  Zergling x2, Baneling x20  
  179  9:59  Zergling x4  
  182  10:02  Zergling x14  
  185  10:10  Zergling x10  
  156  10:25  Zergling x14  
  156  10:27  Chitinous Plating  
  134  10:37  Ultralisk x7  
  134  10:40  Zergling x6  
  171  10:44  Zergling x4  
  171  10:45  Zergling x2  
  170  10:51  Ravager x3  
  172  10:57  Ravager  
  172  10:59  Zergling x20  
  181  11:08  Zergling x8  
  185  11:23  Hatchery  
  184  11:26  Zerg Ground Armor Level 3, Zerg Melee Weapons Level 3  
  184  11:29  Zergling x14, Baneling Nest  
  172  11:44  Zergling x28  
  177  11:50  Drone  
  178  11:55  Hatchery  
  178  11:56  Zergling x14  
  178  12:00  Spore Crawler  
  178  12:01  Spore Crawler  
  181  12:03  Infestor x2  
  185  12:16  Ultralisk x2  
  185  12:19  Zergling x4  
  198  12:23  Anabolic Synthesis  
  195  12:34  Infestor  
  195  12:35  Zergling x20  
  199  12:37  Baneling x8  
  199  12:51  Zergling x2, Overseer  
  199  12:52  Pneumatized Carapace, Overseer  
  199  12:54  Overseer x3  
  179  13:16  Hydralisk Den  
  173  13:21  Zergling x54  
  200  13:33  Drone  
  199  13:46  Drone  
  199  13:47  Drone  
  199  13:48  Drone  
  199  13:49  Spore Crawler  
  198  14:05  Hatchery  
  177  14:19  Zergling x32  
  177  14:20  Grooved Spines  
  177  14:21  Zerg Missile Weapons Level 1  
  170  14:41  Ultralisk x3  
  170  14:42  Zergling x14  
  182  14:50  Infestor  
  182  14:51  Infestor x2  
  186  14:54  Drone  
  186  14:55  Drone x10  
  197  15:09  Hatchery  
  197  15:10  Baneling x16  
  197  15:11  Muscular Augments  
  196  15:19  Drone x3  
  199  15:27  Spore Crawler  
  198  15:30  Ravager  
  198  15:35  Baneling x17  
  199  15:49  Spore Crawler x2  
  192  15:53  Drone x3  
  191  15:59  Hydralisk  
  191  16:00  Hydralisk x3  
  198  16:12  Baneling  
  198  16:24  Spore Crawler x2  
  197  16:28  Hydralisk  
  197  16:29  Zergling x2  
  165  16:41  Zergling x2  
  165  16:42  Zergling x66, Infestor  
  165  16:44  Zergling x8, Ultralisk  
  193  16:58  Zergling x18  
  185  17:04  Viper, Infestor  
  185  17:05  Viper x2  
  176  17:11  Hydralisk x3  
  168  17:22  Hydralisk x6  
  165  17:31  Hatchery  
  165  17:34  Drone x6  
  163  17:46  Zergling x12  
  160  17:51  Zergling x8  
  160  17:57  Zergling x6  
  158  18:05  Zergling x24  
  154  18:17  Zergling x14  
Tags
 
Add a new tag
Caveats
  • Supply blocks, unpowered buildings, or Contaminate may cause inaccurate times.
  • Supply counts are checked every 10 seconds.